 Dungeon Crawl Stone Soup version 0.27.1 (webtiles) character file.

Game seed: 9312050561979487813

160 pkoi the Shield-Bearer (level 5, -6/47 HPs)
             Began as a Minotaur Fighter on Sept 2, 2021.
             Mangled by a gnoll (7 damage)
             ... on level 4 of the Dungeon.
             The game lasted 00:01:59 (1429 turns).

pkoi the Shield-Bearer (Minotaur Fighter)           Turns: 1429, Time: 00:02:00

Health: -6/47      AC:  7    Str: 21    XL:     5   Next: 17%
Magic:  4/4        EV:  8    Int:  5    God:
Gold:   109        SH: 10    Dex: 16    Spells: 4/4 levels left

rFire    . . .     SeeInvis .   a - +0 flail
rCold    . . .     Faith    .   c - +0 kite shield
rNeg     . . .     Spirit   .   b - +0 scale mail
rPois    .         Reflect  .   (helmet restricted)
rElec    .         Harm     .   (no cloak)
rCorr    .         Rampage  .   (no gloves)
Will     .....                  (no boots)
Stlth    ..........             k - amulet of magic regeneration
HPRegen  0.15/turn              h - +6 ring of dexterity
MPRegen  0.34/turn              (no ring)

@: brilliant, hasted, very quick
A: horns 2, retaliatory headbutt
a: no special abilities


You were on level 4 of the Dungeon.
You visited 1 branch of the dungeon, and saw 3 of its levels.

You collected 109 gold pieces.

Inventory:

Hand Weapons
 a - a +0 flail (weapon)
Armour
 b - a +0 scale mail (worn)
 c - a +0 kite shield (worn)
Jewellery
 h - a +6 ring of dexterity (left hand)
 k - an amulet of magic regeneration (around neck)
Scrolls
 g - a scroll of teleportation {unknown}
Potions
 d - a potion of might
 e - a potion of haste


   Skills:
 + Level 4.5 Fighting
 + Level 3.6 Maces & Flails
 + Level 4.5 Armour
 + Level 2.1 Dodging
 + Level 4.6 Shields


You had 4 spell levels left.
You didn't know any spells.
Your spell library was empty.

Dungeon Overview and Level Annotations

Branches:
Dungeon (2/15)             Temple (0/1) D:4

Altars:


Innate Abilities, Weirdness & Mutations

You have a pair of horns on your head.
You reflexively headbutt those who attack you in melee.


Message History

You are more poisoned.
Unknown command.
You sock the gnoll shaman!
You kill the gnoll shaman!
You feel very sick.
The gnoll hits you from afar with a +0 spear.
* * * LOW HITPOINT WARNING * * *
You block the gnoll's attack.
You have reached level 5!
As you read the scroll labelled ZUFODYNYSHRO, it crumbles to dust.
You feel aware of your surroundings.
You sensed 2 altars.
It was a scroll of magic mapping.
You feel sick. You block the gnoll's attack.
Blink to where?
Press: ? - help, Dir - move target
As you read the scroll labelled PUID VARET, it crumbles to dust.
It was a scroll of blinking.
You feel sick.
You feel sick.
You feel sick.
It was a potion of haste.
You feel yourself speed up.
You feel sick.
It was a potion of brilliance.
You feel clever all of a sudden.
You feel sick.
You closely miss the gnoll. Your headbutt misses the gnoll.
You feel sick. The gnoll barely misses you.
You hit the gnoll but do no damage.
You feel sick.
You are no longer poisoned.
The gnoll hits you but does no damage.
You sock the gnoll! Your headbutt misses the gnoll.
The gnoll is almost dead.
The gnoll hits you but does no damage. The gnoll hits you with a +0 flail.
* * * LOW HITPOINT WARNING * * *
You barely miss the gnoll.
The gnoll is almost dead.
The gnoll hits you with a +0 spear.
* * * LOW HITPOINT WARNING * * *
You closely miss the gnoll. You headbutt the gnoll.
You kill the gnoll!
You block the gnoll's attack.
You closely miss the gnoll. The gnoll hits you with a +0 flail!
You die...

,,,,* #.# *...* #.#
*#.#* #.# #.# #g# #.#
#g# #.# #)# #.#
##########§#
#.#######........#.###
##.##...........@)....#
........†..######g###.#
############ #.# *.#
#.# *,# #.#**,****
#..,,,,,,***
###,,,,,,,,*****
*,*,,,,,,,,,,*
*,*,**,*,***,*


You could see a gnoll.

Vanquished Creatures
  A bullfrog (D:4)
  A gnoll shaman (D:4)
  2 gnolls (D:4)
  2 adders
  A worm (D:2)
  3 bats
  3 endoplasms
  3 goblins
  3 hobgoblins
  A quokka (D:4)
  2 ball pythons (D:1)
  4 frilled lizards
  7 rats
33 creatures vanquished.

Notes
Turn   | Place    | Note
-------+----------+-------------------------------------------
     0 | D:1      | pkoi the Minotaur Fighter began the quest for the Orb.
     0 | D:1      | Reached XP level 1. HP: 19/19 MP: 0/0
     2 | D:1      | Noticed a merfolk
     4 | D:1      | Noticed a dwarf
     4 | D:1      | Noticed a tengu
     6 | D:1      | Noticed a spriggan
     6 | D:1      | Noticed a vine stalker
     8 | D:1      | Noticed a human
     8 | D:1      | Noticed a felid
    10 | D:1      | Noticed a minotaur
    12 | D:1      | Noticed a vampire
    12 | D:1      | Noticed a ghoul
    14 | D:1      | Noticed a formicid
    16 | D:1      | Noticed an octopode
    16 | D:1      | Noticed an ogre
    18 | D:1      | Noticed a gargoyle
    18 | D:1      | Noticed a demigod
    20 | D:1      | Noticed a djinni
    20 | D:1      | Noticed a naga
    22 | D:1      | Noticed a draconian
    22 | D:1      | Noticed a troll
    24 | D:1      | Noticed an elf
    24 | D:1      | Noticed a demonspawn
    26 | D:1      | Noticed a palentonga
    26 | D:1      | Noticed a barachi
    52 | D:1      | Found a faded altar of an unknown god.
   212 | D:1      | Reached XP level 2. HP: 27/27 MP: 1/1
   932 | D:2      | Reached skill level 1 in Dodging
   932 | D:2      | Reached XP level 3. HP: 33/33 MP: 2/2
  1257 | D:2      | You fall into a shaft and drop 2 floors!
  1274 | D:4      | Noticed a bullfrog
  1278 | D:4      | Killed a bullfrog
  1279 | D:4      | Reached XP level 4. HP: 28/40 MP: 3/3
  1417 | D:4      | Reached XP level 5. HP: 14/47 MP: 4/4
  1427 | D:4      | HP: 1/47 [gnoll (2)]
  1429 | D:4      | Mangled by a gnoll

Illustrated notes

Levels and vault maps discovered:
D:1:      kb_arrival_jail, layout_basic, ebering_ecumenical_altar_mist
D:2:      layout_loops_ring, serial_shops, shop, kennysheep_big_empty_room
D:4:      minmay_chambers_of_fours, layout_loops_ring,
          nicolae_qazlal_general_emergency, mainiacjoe_overflow_alcove_4,
          minmay_temple_entry_poolview

Skill      XL: |  1  2  3  4 |
---------------+-------------+-----
Dodging        | 1 2 |  2.1
Shields        | 4 |  4.6
Fighting       | 4 |  4.5
Armour         | 4 |  4.5
Maces & Flails | 3 |  3.6

Action                   |  1- 3 |  4- 6 || total
-------------------------+-------+-------++-------
Melee: Flail             |    61 |    17 ||    78
       Headbutt          |     7 |     3 ||    10
  Use: Scroll            |       |     2 ||     2
       Potion            |       |     2 ||     2
Armor: Scale mail        |    24 |     6 ||    30
Dodge: Dodged            |    19 |     5 ||    24
Block: Kite shield       |    29 |    12 ||    41
